Map: Invader LE

Players

BOAZ

  • Race: Protoss Protoss
  • Spawn Location: 11:00

Fropez - Winner!

  • Race: Protoss Protoss
  • League: Silver
  • Spawn Location: 1:00

VOD

Have the link to the VOD?

Description

Time

  • Played on: June 24, 2016, 4:25 p.m.
  • Length: 17:21
Show
View Real Time Build Order
Export as new Build Order

BOAZ Protoss 

Build Orders: 1 Gate Expand 

Get SALT Encoding   

  12  0:02  Probe (Chrono Boost)  
  13  0:12  Probe (Chrono Boost)  
  14  0:25  Pylon  
  14  0:30  Probe (Chrono Boost)  
  14  0:31  Assimilator  
  15  0:44  Probe (Chrono Boost)  
  16  0:52  Gateway  
  16  0:54  Probe (Chrono Boost)  
  17  0:59  Pylon  
  17  1:05  Probe (Chrono Boost)  
  18  1:15  Probe (Chrono Boost)  
  19  1:26  Probe (Chrono Boost)  
  20  1:36  Probe (Chrono Boost)  
  21  1:41  Nexus  
  21  1:47  Pylon  
  21  1:56  Probe (Chrono Boost), Gateway  
  22  2:15  Cybernetics Core  
  22  2:21  Probe (Chrono Boost)  
  23  2:26  Assimilator  
  23  2:32  Probe (Chrono Boost)  
  24  2:39  Forge  
  24  2:42  Probe (Chrono Boost)  
  25  2:53  Probe (Chrono Boost)  
  25  2:54  Stargate  
  26  3:03  Probe (Chrono Boost)  
  27  3:10  Stargate  
  27  3:15  Probe x2 (Chrono Boost)  
  29  3:21  Warp Gate (Chrono Boost)  
  29  3:22  Assimilator  
  29  3:24  Probe, Assimilator  
  29  3:26  Probe  
  31  3:36  Photon Cannon  
  31  3:39  Photon Cannon  
  31  3:44  Pylon  
  31  3:46  Mothership Core  
  31  3:58  Stalker  
  31  4:02  Stalker  
  29  4:28  Stalker  
  29  4:46  Stalker  
  31  5:13  Probe  
  31  5:15  Probe  
  33  5:24  Probe  
  33  5:27  Probe  
  35  5:34  Probe  
  35  5:39  Probe  
  35  5:42  Stalker x2  
  39  5:45  Probe  
  42  5:51  Probe  
  42  5:55  Probe  
  42  5:56  Pylon  
  43  6:00  Pylon  
  43  6:03  Probe  
  44  6:06  Pylon, Probe  
  45  6:15  Probe  
  45  6:16  Probe  
  47  6:19  Void Ray  
  47  6:20  Pylon  
  47  6:22  Stalker  
  53  6:26  Stalker  
  53  6:27  Probe x2  
  56  6:38  Protoss Air Weapons Level 1 (Chrono Boost)  
  56  6:39  Probe  
  57  6:51  Probe  
  58  7:01  Gateway  
  58  7:02  Gateway  
  58  7:03  Gateway  
  58  7:04  Probe  
  58  7:07  Pylon  
  58  7:08  Probe  
  60  7:16  Probe  
  60  7:18  Probe  
  60  7:19  Stalker  
  60  7:20  Stalker  
  66  7:28  Probe  
  67  7:30  Void Ray  
  71  7:41  Void Ray  
  75  7:48  Pylon  
  75  7:56  Stalker  
  75  7:57  Stalker  
  79  8:00  Stalker  
  79  8:03  Stalker  
  83  8:13  Pylon  
  83  8:14  Protoss Shields Level 1 (Chrono Boost)  
  83  8:22  Protoss Air Armor Level 1  
  83  8:32  Void Ray  
  87  8:46  Void Ray  
  91  9:15  Void Ray  
  95  9:17  Probe  
  96  9:29  Void Ray  
  96  9:56  Stalker x2  
  96  9:57  Stalker  
  101  10:04  Protoss Ground Weapons Level 1 (Chrono Boost)  
  101  10:05  Twilight Council  
  97  10:14  Stalker  
  97  10:15  Stalker  
  99  10:30  Pylon, Photon Cannon x2  
  99  10:33  Photon Cannon  
  99  10:34  Photon Cannon x2  
  99  10:35  Pylon  
  95  10:37  Photon Cannon x2  
  95  10:47  Robotics Facility  
  95  11:17  Photon Cannon  
  95  11:19  Photon Cannon  
  95  11:50  Pylon  
  94  11:58  Pylon  
  94  12:02  Pylon  
  94  12:05  Pylon  
  94  12:16  Observer (Chrono Boost)  
  94  12:22  Pylon  
  99  12:26  Pylon  
  99  12:32  Gateway  
  99  12:35  Observer (Chrono Boost)  
  100  12:39  Gateway  
  84  14:26  Nexus  
  84  14:46  Pylon  
  84  14:50  Pylon  
  82  15:16  Zealot  
  82  15:17  Zealot x3  
  90  15:23  Void Ray  
  90  15:36  Pylon  
  90  15:39  Pylon  
  90  15:41  Pylon  
  90  15:42  Pylon  
  90  15:44  Pylon  
  90  15:47  Pylon  
  90  15:50  Pylon  
  90  15:54  Pylon  
  84  16:06  Void Ray  
  88  16:22  Zealot  
Show
View Real Time Build Order
Export as new Build Order

Fropez Protoss - Winner!

Build Orders:  

Get SALT Encoding   

  12  0:01  Probe (Chrono Boost)  
  13  0:17  Pylon  
  13  0:19  Probe (Chrono Boost)  
  14  0:30  Probe (Chrono Boost)  
  14  0:32  Assimilator  
  15  0:37  Gateway  
  15  0:41  Probe (Chrono Boost)  
  16  0:47  Assimilator  
  16  0:55  Probe (Chrono Boost)  
  17  1:05  Gateway  
  17  1:06  Probe (Chrono Boost)  
  18  1:19  Probe (Chrono Boost)  
  18  1:20  Pylon  
  19  1:30  Probe (Chrono Boost)  
  20  1:38  Cybernetics Core  
  20  1:43  Probe (Chrono Boost)  
  22  1:54  Probe (Chrono Boost)  
  22  2:04  Assimilator  
  22  2:05  Probe (Chrono Boost)  
  23  2:14  Warp Gate (Chrono Boost)  
  23  2:20  Probe (Chrono Boost)  
  26  2:23  Adept x2  
  28  2:44  Probe  
  29  2:50  Stalker  
  31  2:57  Pylon  
  31  3:15  Pylon, Probe, Stalker  
  31  3:18  Nexus  
  34  3:32  Mothership Core  
  36  3:44  Gateway  
  36  3:54  Probe  
  37  4:16  Probe, Gateway  
  38  4:17  Forge  
  38  4:21  Pylon  
  38  4:28  Probe  
  37  4:43  Probe  
  37  4:44  Probe  
  37  4:51  Protoss Ground Weapons Level 1 (Chrono Boost)  
  33  5:05  Stalker x2  
  33  5:06  Stalker  
  39  5:08  Pylon  
  39  5:15  Probe  
  39  5:16  Probe  
  41  5:26  Probe  
  41  5:27  Gateway  
  41  5:28  Probe  
  43  5:31  Assimilator  
  43  5:36  Probe  
  43  5:40  Twilight Council  
  43  5:42  Probe  
  44  5:45  Robotics Facility  
  44  5:46  Pylon  
  44  5:49  Assimilator  
  44  6:00  Stalker x3  
  44  6:01  Stalker  
  52  6:12  Probe  
  52  6:13  Probe  
  54  6:34  Stalker x5  
  64  6:40  Forge  
  64  6:42  Probe, Blink (Chrono Boost)  
  64  6:45  Pylon  
  64  6:46  Observer  
  66  6:50  Protoss Ground Weapons Level 2 (Chrono Boost)  
  66  7:00  Pylon, Probe  
  67  7:01  Probe  
  69  7:16  Observer (Chrono Boost)  
  69  7:32  Pylon  
  69  7:35  Warp Prism (Chrono Boost)  
  71  7:43  Pylon  
  71  7:46  Protoss Ground Armor Level 1 (Chrono Boost)  
  71  7:48  Stalker x3  
  71  7:49  Stalker x2  
  81  8:07  Dark Shrine  
  81  8:15  Pylon  
  81  8:20  Pylon, Probe  
  82  8:27  Pylon  
  82  8:33  Stargate  
  82  8:34  Probe  
  83  8:35  Probe, Stargate  
  84  8:50  Pylon  
  76  9:05  Pylon  
  76  9:08  Pylon  
  76  9:29  Nexus  
  76  9:32  Pylon  
  72  10:17  Dark Templar x2  
  72  10:18  Dark Templar x3  
  74  11:20  Phoenix x2 (Chrono Boost)  
  74  11:24  Protoss Shields Level 1  
  78  11:31  Protoss Air Weapons Level 1  
  78  11:40  Assimilator  
  78  11:42  Assimilator  
  78  11:43  Phoenix x2 (Chrono Boost)  
  82  12:04  Phoenix x2 (Chrono Boost)  
  86  12:09  Probe x2  
  88  12:26  Phoenix x2 (Chrono Boost)  
  92  12:33  Dark Templar x5  
  91  13:07  Phoenix x2 (Chrono Boost)  
  93  13:14  Pylon  
  93  13:18  Pylon  
  93  13:22  Pylon  
  93  13:25  Protoss Air Armor Level 1  
  93  13:29  Phoenix x2 (Chrono Boost)  
  93  13:33  Fleet Beacon  
  95  13:37  Gateway x2  
  95  13:39  Pylon  
  85  13:50  Phoenix (Chrono Boost)  
  85  13:51  Phoenix (Chrono Boost)  
  87  13:59  Stalker x3  
  93  14:07  Probe  
  93  14:08  Probe x2  
  96  14:11  Phoenix (Chrono Boost)  
  96  14:12  Phoenix (Chrono Boost)  
  100  14:24  Anion Pulse-Crystals (Chrono Boost)  
  100  14:56  Phoenix  
  100  14:59  Phoenix  
  104  15:01  Protoss Shields Level 2 (Chrono Boost)  
  104  15:15  Probe  
  104  15:17  Phoenix  
  104  15:18  Probe  
  104  15:19  Nexus  
  108  15:22  Pylon  
  108  15:24  Phoenix  
  107  16:22  Probe  
  107  16:24  Probe x2  
  110  16:33  Probe  
  110  16:36  Probe  
Tags
 
League
Silver
Matchup
PvP
Replay Pack
All Mines
Spawn Locations
Close Positions
Add a new tag
Caveats
  • Supply blocks, unpowered buildings, or Contaminate may cause inaccurate times.
  • Supply counts are checked every 10 seconds.